AoeStats
← The Beer Man

Baltic

510977359Analyzed
4v4 RM · 13h ago on Oct 3, 2026· 65m 35s· 8 players
Game mode
Random Map
Map size
Large (8 player)
Population
200
Speed
Normal
Resources
Standard
Victory
Conquest
Starting age
Dark Age
Ending age
Imperial Age
RankedLock teamsTeams togetherTeam positionsShared explorationLock speedFull tech treeHidden civsTurbo modeCheats
Victory
Defeat
🇨🇳 Vietnamese · China
1056
+12
🇦🇺 Goths · Australia
1024
+14
🇮🇳 Vikings · India
987
+15
🇮🇳 Celts · India
980
+16
🇹🇷 Slavs · Türkiye
1000
-45
🇵🇱 Malians · Poland
995
-15
🇨🇿 Italians · Czechia
959
-14
🇬🇧 Dravidians · United Kingdom
942
-13
The Beer Man
8:05 Loom
12:09 Feudal Age
18:32 Double-Bit Axe
19:42 Fishing Lines
23:08 Castle Age
24:08 Medium Warships
27:39 Scale Mail Armor
27:50 Forging
42:05 Gold Mining
45:01 Imperial Age
44:04 Bow Saw
44:15 Medical Corps
46:11 Chain Mail Armor
46:32 Iron Casting
45:49 Fletching
45:59 Padded Archer Armor
45:25 Elite Skirmisher
49:11 Wootz Steel
50:52 Onager
56:27 Gambesons
56:03 Man-at-Arms
56:44 Squires
56:29 Pikeman
srk9717
11:24 Feudal Age
13:08 Man-at-Arms
24:01 Horse Collar
31:08 Castle Age
32:02 Wheelbarrow
33:13 Heavy Plow
35:33 Gold Mining
35:58 Scale Barding Armor
36:15 Forging
37:14 Hand Cart
38:15 Chain Barding Armor
37:47 Town Watch
41:07 Caravan
40:47 Crossbowman
44:18 Double-Bit Axe
51:02 Imperial Age
49:05 Town Patrol
48:51 Loom
50:51 Detinets
51:37 Iron Casting
53:22 Gold Shaft Mining
52:38 Stone Mining
52:44 Stone Mining
59:59 Chemistry
Chillpia
11:23 Feudal Age
9:40 Loom
13:37 Horse Collar
15:23 Forging
20:59 Castle Age
19:42 Double-Bit Axe
21:54 Wheelbarrow
21:18 Fletching
29:03 Murder Holes
30:05 Masonry
30:28 Heavy Plow
31:41 Bodkin Arrow
33:08 Padded Archer Armor
40:55 Hand Cart
47:09 Imperial Age
45:13 Town Watch
46:14 Bow Saw
48:22 Bracer
48:50 Town Patrol
50:47 Hoardings
50:35 Ballistics
50:46 Architecture
52:26 Thumb Ring
Helenka
12:37 Feudal Age
17:42 Castle Age
17:51 Wheelbarrow
17:02 Loom
22:43 Horse Collar
23:37 Double-Bit Axe
26:30 Forging
26:21 Scale Mail Armor
26:22 Gold Mining
26:23 Stone Mining
30:27 Bow Saw
30:54 Iron Casting
35:34 Imperial Age
33:20 Hand Cart
33:22 Chain Mail Armor
33:11 Heavy Plow
33:48 Gold Shaft Mining
33:49 Stone Shaft Mining
33:39 Ballistics
33:30 Masonry
35:43 Elite Gbeto
36:43 Conscription
37:01 Plate Mail Armor
阿森
11:07 Loom
13:26 Feudal Age
16:57 Double-Bit Axe
16:56 Horse Collar
17:00 Fishing Lines
17:18 Fletching
19:20 Wheelbarrow
21:45 Castle Age
21:49 Padded Archer Armor
22:10 Crossbowman
23:54 Bodkin Arrow
27:18 Leather Archer Armor
27:04 Gold Mining
27:25 Bow Saw
27:17 Heavy Plow
28:44 Ballistics
30:33 Stone Mining
31:39 Thumb Ring
32:43 Treadmill Crane
33:15 Masonry
38:38 Imperial Age
36:32 Pikeman
37:13 Squires
37:14 Scale Mail Armor
37:58 Hand Cart
38:51 Chain Mail Armor
38:26 Arson
39:12 Town Watch
41:35 Two-Man Saw
41:07 Crop Rotation
40:01 Halberdier
41:39 Bloodlines
41:32 Bracer
40:56 Elite Skirmisher
43:11 Chemistry
42:33 Murder Holes
44:58 Guilds
45:31 Husbandry
44:53 Elite Battle Elephant
45:41 Scale Barding Armor
46:08 Ring Archer Armor
45:27 Imperial Skirmisher
46:56 Chain Barding Armor
47:41 Forging
49:41 Plate Barding Armor
50:36 Iron Casting
51:17 Plate Mail Armor
56:02 Stone Shaft Mining
55:35 Siege Engineers
55:51 Bombard Tower
54:59 Arbalester
56:27 Paper Money
56:44 Hoardings
56:12 Chatras
62:28 Spies/Treason
dushyanthkuthati
0:41 Loom
13:43 Feudal Age
14:06 Fishing Lines
15:03 Wheelbarrow
14:15 Double-Bit Axe
20:54 Castle Age
22:03 Bow Saw
22:08 Medium Warships
23:39 Gillnets
24:53 Hand Cart
32:09 Imperial Age
30:45 Town Watch
32:34 Heavy Scorpion
32:37 Capped Ram
35:18 Chemistry
34:39 Ballistics
35:42 Siege Ram
41:16 Caravan
48:32 Siege Engineers
62:43 Spies/Treason
Konig
11:24 Feudal Age
16:30 Castle Age
14:55 Fishing Lines
15:25 Double-Bit Axe
16:20 Horse Collar
16:40 Stone Mining
16:53 Loom
16:54 Town Watch
20:57 Gillnets
22:07 Wheelbarrow
28:05 Fervor
28:17 Murder Holes
28:33 Masonry
29:06 Bow Saw
33:40 Imperial Age
30:58 Pikeman
31:41 Squires
31:29 Treadmill Crane
32:54 Heavy Plow
34:15 Hand Cart
34:15 Man-at-Arms
34:19 Halberdier
35:23 Conscription
35:05 Perfusion
35:14 Anarchy
36:23 Chemistry
35:16 Long Swordsman
39:35 Two-Handed Swordsman
41:31 Two-Man Saw
40:54 Caravan
42:12 Forging
42:04 Scale Mail Armor
43:42 Iron Casting
44:35 Architecture
44:26 Ballistics
43:31 Elite Huskarl
45:52 Blast Furnace
45:08 Chain Mail Armor
45:01 Champion
50:10 Fletching
51:18 Bodkin Arrow
53:28 Bracer
Rubick
6:31 Loom
11:24 Feudal Age
12:41 Double-Bit Axe
14:15 Horse Collar
18:44 Castle Age
16:56 Fishing Lines
17:49 Forging
19:04 Fletching
19:44 Bodkin Arrow
20:27 Bow Saw
20:53 Medium Warships
20:59 Gillnets
23:47 Gold Mining
23:49 Stone Mining
28:58 Gold Shaft Mining
30:16 Town Watch
33:57 Imperial Age
32:05 Heavy Plow
32:10 Scale Mail Armor
34:05 Chain Mail Armor
34:26 Iron Casting
33:57 Chieftains
34:20 Ballistics
33:43 Treadmill Crane
34:15 Masonry
34:26 Caravan
35:40 Plate Mail Armor
35:18 Elite Berserk
37:15 Blast Furnace
36:59 Conscription
37:42 Bracer
38:49 Chemistry
38:01 Squires
37:49 Arson
38:38 Padded Archer Armor
38:44 Scale Barding Armor
40:34 Architecture
40:10 Siege Engineers
44:22 Leather Archer Armor
44:20 Bogsveigar
45:15 Crossbowman
46:28 Arbalester
47:48 Hoardings
49:38 Fortified Wall
50:00 Ring Archer Armor
49:51 Chain Barding Armor
50:33 Sappers
65:24 Spies/Treason
Connection lost

Rejoining the realm…

Still unreachable

The connection could not be restored.

Session expired

The server has moved on; the page needs a fresh start.